 Dungeon Crawl Stone Soup version 0.30-a0-149-g7f746667c4 (webtiles) character file.

Game seed: 14738248393459878028

21 cmymind4 the Cudgeller (level 3, -1/29 HPs)
             Began as a Human Berserker on Sept 27, 2022.
             Was a Follower of Trog.
             Slain by a jackal (3 damage)
             ... on level 1 of the Dungeon.
             The game lasted 00:01:56 (300 turns).

cmymind4 the Cudgeller (Human Berserker)             Turns: 300, Time: 00:01:56

Health: -1/29      AC:  2    Str: 19    XL:     3   Next: 5%
Magic:  3/3        EV: 12    Int:  7    God:    Trog [*.....]
Gold:   21         SH:  0    Dex: 12    Spells: 2/2 levels left

rFire   . . .      SeeInvis .    a - +0 mace
rCold   . . .      Faith    .    (no shield)
rNeg    . . .      Spirit   .    b - +0 animal skin
rPois   .          Reflect  .    (no helmet)
rElec   .          Harm     .    (no cloak)
rCorr   .          Rampage  .    (no gloves)
Will    .....                    (no boots)
Stlth   +.........               (no amulet)
HPRegen 0.09/turn                (no ring)
MPRegen 0.08/turn                (no ring)

@: no status effects
A: no striking features
a: Renounce Religion, Berserk


You were on level 1 of the Dungeon.
You worshipped Trog.
Trog was aware of your devotion.
You visited 1 branch of the dungeon, and saw 1 of its levels.

You collected 21 gold pieces.

Inventory:

Hand Weapons
 a - a +0 mace (weapon)
Armour
 b - a +0 animal skin (worn)
Jewellery
 f - an amulet of faith
Scrolls
 c - a scroll of identify {unknown}
 d - a scroll of torment {unknown}
 e - 3 scrolls of brand weapon {unknown}
Potions
 g - a potion of invisibility {unknown}


   Skills:
 + Level 3.4 Fighting
 + Level 3.5 Maces & Flails
 + Level 2.1 Armour
 + Level 2.1 Dodging


You had 2 spell levels left.
You didn't know any spells.
Your spell library was empty.

Dungeon Overview and Level Annotations

Branches:
Dungeon (1/15)

Altars:

Shops:
D:1 !


Message History

You have reached level 3!
Your experience leads to an increase in your attributes!
Increase (S)trength, (I)ntelligence, or (D)exterity?
You feel stronger. x2
g - a coppery potion You see here a hobgoblin corpse.
A bat comes into view.
A jackal comes into view.
The jackal barks!
The bat closely misses you.
A jackal comes into view.
You barely miss the bat. The bat hits you. x2
A jackal comes into view.
You closely miss the bat. The bat barely misses you.
You hit the bat.
You kill the bat!
Trog accepts your kill. The jackal barely misses you.
The jackal attacks as you move away! The jackal closely misses you.
You miss the jackal. The jackal closely misses you.
You closely miss the jackal.
The jackal bites you but does no damage.
The jackal bites you. x2
* * * LOW HITPOINT WARNING * * *
You barely miss the jackal. The jackal misses you.
The jackal barely misses you. The jackal closely misses you.
The jackal bites you but does no damage.
The jackal misses you.
You hit the jackal but do no damage. The jackal closely misses you.
The jackal bites you.
* * * LOW HITPOINT WARNING * * *
The jackal barely misses you. The jackal bites you.
* * * LOW HITPOINT WARNING * * *
The jackal attacks as you move away! The jackal closely misses you. x2
The jackal misses you. The jackal attacks as you move away!
The jackal bites you.
* * * LOW HITPOINT WARNING * * *
The jackal attacks as you move away! The jackal closely misses you.
The jackal bites you.
You die...

######### ##...#...##
##.........##
#...........#
##.....†.....## ###
##........†)...#####..
#....@................
#...hhh.....##.#####..
#.........####.#####..
#....†.........##.....
#..........###.#######
##.?............
#.........####.#
#........... ..#
#...........


You could see 3 jackals.

Vanquished Creatures
  A gnoll (D:1)
  A dart slug (D:1)
  A giant cockroach (D:1)
  A goblin (D:1)
  2 hobgoblins (D:1)
  A quokka (D:1)
  A bat (D:1)
  A frilled lizard (D:1)
  A kobold (D:1)
10 creatures vanquished.

Notes
Turn   | Place    | Note
-------+----------+-------------------------------------------
     0 | D:1      | cmymind4 the Human Berserker began the quest for the Orb.
     0 | D:1      | Reached XP level 1. HP: 18/18 MP: 1/1
    75 | D:1      | Reached XP level 2. HP: 20/24 MP: 2/2
   194 | D:1      | Found Keddobia's Distillery.
   276 | D:1      | Reached XP level 3. HP: 11/29 MP: 3/3
   300 | D:1      | Slain by a jackal

Illustrated notes

Levels and vault maps discovered:
D:1:      psy_arrival_statuary, layout_rooms, serial_shops,
          nicolae_shop_competitors_out_of_business, minmay_misc_feat_nine_boxes

Action                   || total
-------------------------++-------
Melee: Mace              ||    36
Armor: Animal skin       ||     4
Dodge: Dodged            ||    37

Table legend: (Time is in decaauts)
 A = Elapsed time spent in this place.
 B = Non-inter-level travel time spent in this place.
 C = Inter-level travel time spent in this place.
 D = Time resting spent in this place.
 E = Time spent auto-exploring this place.
 F = Levels seen in this place.
 G = Mean time per level.
                   A        B        C        D        E       F      G
               +--------+--------+--------+--------+--------+-----+--------+
         Total |    308 |    308 |      0 |      0 |      0 |   1 |  308.0 |
       Dungeon |    308 |    308 |      0 |      0 |      0 |   1 |  308.0 |
               +--------+--------+--------+--------+--------+-----+--------+

Top non-repeatable levels by time:
     D:1: 308 daAuts
